[Event "African Games Rapid Open 2019"]
[Site "Casablanca"]
[Date "2019.08.27"]
[Round "8.19"]
[White "Rita, Jeorciley"]
[Black "Yahi, Mohamed Salem"]
[Result "1-0"]
[ECO "B00"]
[WhiteElo "1920"]
[BlackElo "1928"]
[Annotator "NA"]
[PlyCount "63"]
[EventDate "2019.08.26"]
[EventType "team-tourn"]
[EventCountry "MAR"]
[SourceTitle "playchess.com"]
[Source "ChessBase"]
[SourceQuality "1"]
[TimeControl "900+10"]

1. e4 d6 2. d4 Nf6 3. Nd2 g6 4. b3 Bg7 5. Bb2 O-O 6. Ngf3 Bg4 7. h3 Bxf3 8. Qxf3 Nbd7 9. Bd3 e5 10. c3 c5 11. d5 Nh5 12. g3 a6 13. O-O b5 14. c4 b4 15. a3 Bh6 16. Qe2 a5 17. a4 Qe7 18. Nf3 Ng7 19. Nh4 Bg5 20. Ng2 f5 21. exf5 Nxf5 22. Bxf5 Rxf5 23. f4 Bf6 24. g4 exf4 25. Qxe7 Bxe7 26. gxf5 g5 27. Rae1 Kf7 28. Re6 Rg8 29. Rfe1 Bf8 30. f6 Rg6 31. Re7+ Bxe7 32. Rxe7+ 1-0

[Event "African Games Rapid Open 2019"]
[Site "Casablanca"]
[Date "2019.08.27"]
[Round "8.20"]
[White "Hassan, Sidi Mohamed cheikh"]
[Black "Koualet-Bebondi, Vianney Archeveq"]
[Result "1-0"]
[ECO "C41"]
[WhiteElo "1752"]
[BlackElo "1679"]
[Annotator "NA"]
[PlyCount "73"]
[EventDate "2019.08.26"]
[EventType "team-tourn"]
[EventCountry "MAR"]
[SourceTitle "playchess.com"]
[Source "ChessBase"]
[SourceQuality "1"]
[TimeControl "900+10"]

1. e4 e5 2. Nf3 d6 3. d4 exd4 4. Nxd4 Nf6 5. Nc3 c6 6. Be3 Be7 7. f3 O-O 8. Qd2 a6 9. O-O-O b5 10. g4 Qa5 11. Kb1 b4 12. Nce2 c5 13. Nf5 Bxf5 14. exf5 Ne8 15. Nf4 Nc7 16. Bc4 Nd7 17. g5 Ne5 18. Bd5 Nxd5 19. Nxd5 Bd8 20. Qg2 g6 21. Qh3 Qb5 22. Nf6+ Bxf6 23. gxf6 Kh8 24. Qh6 Rg8 25. Rhg1 Qd7 26. fxg6 fxg6 27. Bxc5 Nf7 28. Qh4 a5 29. Bxd6 Rad8 30. Bf4 Qxd1+ 31. Rxd1 Rxd1+ 32. Bc1 Rgd8 33. b3 Rf1 34. Kb2 Rdd1 35. Qf4 h6 36. Qb8+ Kh7 37. Qf8 1-0

[Event "African Games Rapid Open 2019"]
[Site "Casablanca"]
[Date "2019.08.27"]
[Round "8.21"]
[White "Kamara, Ansumana"]
[Black "Naipal, Hoolan"]
[Result "0-1"]
[ECO "C91"]
[WhiteElo "1928"]
[BlackElo "1785"]
[Annotator "NA"]
[PlyCount "138"]
[EventDate "2019.08.26"]
[EventType "team-tourn"]
[EventCountry "MAR"]
[SourceTitle "playchess.com"]
[Source "ChessBase"]
[SourceQuality "1"]
[TimeControl "900+10"]

1. e4 e5 2. Nf3 Nc6 3. Bb5 a6 4. Ba4 Nf6 5. O-O Be7 6. Re1 b5 7. Bb3 d6 8. c3 O-O 9. d4 Bg4 10. d5 Na5 11. Bc2 c6 12. dxc6 Nxc6 13. Nbd2 d5 14. exd5 Qxd5 15. h3 Bh5 16. Ne4 Qxd1 17. Bxd1 Nxe4 18. Rxe4 Rad8 19. Be2 f5 20. Re3 e4 21. Nd2 Bxe2 22. Rxe2 Bf6 23. a4 b4 24. c4 Nd4 25. Re1 Nc2 26. Nf1 Nxe1 27. Bd2 Nd3 28. Rb1 a5 29. b3 Nc5 30. Be3 Bd4 31. Bg5 Rd7 32. Ne3 Bxe3 33. Bxe3 Ne6 34. Bb6 Ra8 35. c5 Nd8 36. Re1 Nc6 37. f3 Re8 38. fxe4 Rxe4 39. Rf1 g6 40. Rf3 Rd2 41. Bc7 Ree2 42. Rg3 Kf7 43. Bf4 Rc2 44. Bd6 Rc3 45. Kf1 Rxg3 46. Kxe2 Rxb3 47. Kd2 Ke6 48. Kc2 Ra3 49. g3 Ne5 50. g4 fxg4 51. hxg4 h5 52. gxh5 gxh5 53. Bc7 Nc4 54. Bf4 Kd5 55. Kb1 Kxc5 56. Bc7 h4 57. Kc1 Kd4 58. Kb1 Kd3 59. Bf4 h3 60. Bc7 Nd2+ 61. Kb2 Nf3 62. Bxa5 h2 63. Bxb4 Rxa4 64. Kb3 Rxb4+ 65. Kxb4 h1=Q 66. Kb3 Qc1 67. Ka2 Qc4+ 68. Ka3 Qb5 69. Ka2 Kc2 0-1

[Event "African Games Rapid Open 2019"]
[Site "Casablanca"]
[Date "2019.08.27"]
[Round "8.22"]
[White "Winston Gerald, Mansfield Thomas"]
[Black "Marie, Patrick"]
[Result "0-1"]
[ECO "A45"]
[WhiteElo "1872"]
[BlackElo "1921"]
[Annotator "NA"]
[PlyCount "106"]
[EventDate "2019.08.26"]
[EventType "team-tourn"]
[EventCountry "MAR"]
[SourceTitle "playchess.com"]
[Source "ChessBase"]
[SourceQuality "1"]
[TimeControl "900+10"]

1. d4 Nf6 2. Nc3 e6 3. e4 Bb4 4. Bd3 d6 5. Bd2 Nbd7 6. a3 Ba5 7. Nf3 O-O 8. O-O Re8 9. h3 e5 10. Re1 Bb6 11. d5 Nf8 12. Ne2 Ng6 13. c4 Bd7 14. Ng3 Qc8 15. Nf5 Bxf5 16. exf5 Nf4 17. Bxf4 exf4 18. Qd2 Nh5 19. Rxe8+ Qxe8 20. Re1 Qd7 21. Qe2 a5 22. Ng5 Nf6 23. Qe7 Re8 24. Qxe8+ Nxe8 25. Nf3 Nf6 26. b3 Bc5 27. a4 Qd8 28. Re2 Nd7 29. Re4 f6 30. Rxf4 Ne5 31. Be2 Nxf3+ 32. Bxf3 Qa8 33. Re4 Kf7 34. g4 Qa7 35. Re2 Qb6 36. Rb2 Bd4 37. Rd2 Be5 38. Rd3 Qb4 39. Kf1 Qa3 40. Bd1 Qc1 41. Ke2 Qf4 42. Bc2 Qe4+ 43. Re3 Qxc2+ 44. Kf3 Bd4 45. Re2 Qxb3+ 46. Kg2 Qxc4 47. Kf1 Qxd5 48. Rc2 c5 49. Ke1 Qe4+ 50. Kd1 c4 51. Rd2 c3 52. Rc2 Qd3+ 53. Kc1 Qf1# 0-1

[Event "African Games Rapid Open 2019"]
[Site "Casablanca"]
[Date "2019.08.27"]
[Round "9.3"]
[White "Hamdouchi, Hicham"]
[Black "Bellahcene, Bilel"]
[Result "1-0"]
[ECO "B50"]
[WhiteElo "2562"]
[BlackElo "2550"]
[Annotator "ChessBase"]
[PlyCount "71"]
[EventDate "2019.08.26"]
[EventType "team-tourn"]
[EventCountry "MAR"]
[SourceTitle "playchess.com"]
[Source "ChessBase"]
[SourceQuality "1"]
[TimeControl "900+10"]

1. e4 c5 2. Nf3 d6 3. c3 Nf6 4. h3 g6 5. Bd3 Bg7 6. Bc2 O-O 7. O-O e5 8. d4 Qc7 9. dxe5 dxe5 10. Qe2 a6 11. a4 h6 12. Na3 Be6 13. Nc4 Nc6 14. Be3 b6 15. Rfd1 Bxc4 16. Qxc4 Na5 17. Qe2 c4 18. Rd2 Rfe8 19. Rad1 Re6 20. Nh2 Qc6 21. Ng4 Nxg4 22. hxg4 Nb7 23. Rd5 b5 24. axb5 axb5 25. Qd2 g5 26. Rd7 Ra2 27. Bb1 Ra1 28. Qd5 Na5 29. Ra7 Bf8 30. Ra8 Nb3 31. Rb8 Qc7 32. Qxb5 Rd6 33. Rf1 Nd2 34. Qe8 Qxb8 35. Qxb8 Nxf1 36. Bc5 1-0

[Event "African Games Rapid Open 2019"]
[Site "Casablanca"]
[Date "2019.08.27"]
[Round "9.4"]
[White "Wanyama, Harold"]
[Black "Mwale, Joseph"]
[Result "1-0"]
[ECO "E38"]
[WhiteElo "2293"]
[BlackElo "2231"]
[Annotator "NA"]
[PlyCount "79"]
[EventDate "2019.08.26"]
[EventType "team-tourn"]
[EventCountry "MAR"]
[SourceTitle "playchess.com"]
[Source "ChessBase"]
[SourceQuality "1"]
[TimeControl "900+10"]

1. c4 e6 2. d4 Nf6 3. Nc3 Bb4 4. Qc2 c5 5. dxc5 Na6 6. Nf3 O-O 7. Bd2 Nxc5 8. e3 d5 9. cxd5 exd5 10. a3 Bxc3 11. Bxc3 Nce4 12. Bd3 Nxc3 13. Qxc3 Ne4 14. Qd4 Bg4 15. Bxe4 dxe4 16. Qxe4 Bxf3 17. Qxf3 Qa5+ 18. b4 Qe5 19. O-O b6 20. Rac1 Rac8 21. Rxc8 Rxc8 22. Rd1 h6 23. g3 Qc3 24. Rd7 Rf8 25. Rxa7 b5 26. Kg2 Qc4 27. Re7 Qb3 28. e4 Qxf3+ 29. Kxf3 Ra8 30. Rb7 Rxa3+ 31. Kg2 Rb3 32. Rxb5 g6 33. Rb7 Kg7 34. f4 Kf6 35. Rb6+ Ke7 36. e5 Kd7 37. h4 Ke7 38. h5 gxh5 39. Rxh6 Rxb4 40. Rxh5 1-0

[Event "African Games Rapid Open 2019"]
[Site "Casablanca"]
[Date "2019.08.27"]
[Round "9.5"]
[White "Makoto, Rodwell"]
[Black "Boudriga, Mohamed Ali"]
[Result "1-0"]
[ECO "E05"]
[WhiteElo "2373"]
[BlackElo "2325"]
[Annotator "NA"]
[PlyCount "103"]
[EventDate "2019.08.26"]
[EventType "team-tourn"]
[EventCountry "MAR"]
[SourceTitle "playchess.com"]
[Source "ChessBase"]
[SourceQuality "1"]
[TimeControl "900+10"]

1. Nf3 Nf6 2. c4 e6 3. g3 d5 4. Bg2 Be7 5. d4 dxc4 6. O-O O-O 7. Qc2 a6 8. a4 Nc6 9. Qxc4 Bd7 10. Bg5 b5 11. Qc1 Rb8 12. axb5 axb5 13. Nc3 h6 14. Bxf6 Bxf6 15. Rd1 Qe7 16. Ne4 Rfc8 17. Nc5 Be8 18. e3 Rd8 19. Nd2 g6 20. Nde4 Bg7 21. Qc2 Nb4 22. Qb3 Nd5 23. Ra7 Ra8 24. Rda1 Rxa7 25. Rxa7 e5 26. Nb7 c6 27. Qa2 Rd7 28. Nec5 Rc7 29. e4 Nb6 30. Qa6 Nc8 31. Ra8 exd4 32. b4 Kh7 33. Bh3 d3 34. Nxd3 Rxb7 35. Bxc8 Rc7 36. Qb6 Qd6 37. Bh3 Re7 38. Rd8 Qf6 39. Qb8 Qc3 40. Bf1 Rd7 41. Rxe8 Rxd3 42. Bxd3 Qxd3 43. Qf4 Qd7 44. Ra8 Qe7 45. Rc8 Qxb4 46. Rxc6 Qb3 47. Rc7 Kg8 48. Kg2 h5 49. Qd6 Qb1 50. Qe7 Qb3 51. Qe8+ Kh7 52. Qxf7 1-0

[Event "African Games Rapid Open 2019"]
[Site "Casablanca"]
[Date "2019.08.27"]
[Round "9.6"]
[White "Ssegwanyi, Arthur"]
[Black "Adu, Oladapo"]
[Result "0-1"]
[ECO "B51"]
[WhiteElo "2335"]
[BlackElo "2273"]
[Annotator "NA"]
[PlyCount "166"]
[EventDate "2019.08.26"]
[EventType "team-tourn"]
[EventCountry "MAR"]
[SourceTitle "playchess.com"]
[Source "ChessBase"]
[SourceQuality "1"]
[TimeControl "900+10"]

1. e4 c5 2. Nf3 d6 3. Bb5+ Nd7 4. O-O Ngf6 5. Re1 e6 6. c3 a6 7. Bf1 Qc7 8. d4 e5 9. Nbd2 Be7 10. Nc4 O-O 11. dxe5 Nxe5 12. Ne3 Re8 13. Nxe5 dxe5 14. Bc4 b5 15. Bd5 Bb7 16. Bxb7 Qxb7 17. Nf5 Bf8 18. Qf3 Rad8 19. Bg5 Re6 20. h4 Qc6 21. h5 h6 22. Bh4 c4 23. Qg3 Rd3 24. f3 Nxh5 25. Qh2 Nf4 26. Bg3 Ng6 27. Kh1 Bc5 28. Qh5 Qd7 29. Qg4 Qd8 30. Bh4 Qd7 31. Bg3 Kh7 32. Rac1 Rd2 33. Rb1 Bf8 34. Ne3 Red6 35. Qh5 Nf4 36. Qh2 Rf6 37. Ng4 Qe6 38. Nxf6+ Qxf6 39. Bxf4 exf4 40. Red1 Rc2 41. Rd5 Bd6 42. Qh3 g6 43. Qg4 Be5 44. Rd7 Kg7 45. Ra7 h5 46. Qh3 Rd2 47. Ra8 b4 48. cxb4 Bxb2 49. Qc8 Qh4+ 50. Qh3 Qf2 51. Rg1 c3 52. Qc8 Qh4+ 53. Qh3 Qxh3+ 54. gxh3 c2 55. Rc8 c1=Q 56. Rcxc1 Bxc1 57. Rxc1 Rxa2 58. Kg1 Kf6 59. h4 Ra4 60. Rc4 Kg7 61. Rc6 Rxb4 62. Rxa6 Rb7 63. Rc6 Re7 64. Ra6 f6 65. Kg2 g5 66. hxg5 fxg5 67. Ra5 Kh6 68. Ra6+ Kh7 69. Ra5 Rg7 70. Rf5 Kg6 71. Ra5 Rf7 72. Ra6+ Rf6 73. Ra8 g4 74. Rg8+ Kh7 75. Rg5 Kh6 76. Rg8 g3 77. Rh8+ Kg5 78. Rg8+ Kh4 79. Rg7 Rb6 80. e5 Rb2+ 81. Kf1 Rf2+ 82. Kg1 Rxf3 83. Rf7 Kg4 0-1

[Event "African Games Rapid Open 2019"]
[Site "Casablanca"]
[Date "2019.08.27"]
[Round "9.7"]
[White "Aderito, Pedro"]
[Black "Zaibi, Amir"]
[Result "1/2-1/2"]
[ECO "B30"]
[WhiteElo "2301"]
[BlackElo "2367"]
[Annotator "NA"]
[PlyCount "49"]
[EventDate "2019.08.26"]
[EventType "team-tourn"]
[EventCountry "MAR"]
[SourceTitle "playchess.com"]
[Source "ChessBase"]
[SourceQuality "1"]
[TimeControl "900+10"]

1. e4 c5 2. Nf3 Nc6 3. Bb5 e5 4. c3 Bd6 5. O-O Nge7 6. Re1 O-O 7. a4 Bc7 8. Na3 a6 9. Bf1 d5 10. d3 b5 11. exd5 Nxd5 12. Bd2 Rb8 13. axb5 axb5 14. d4 b4 15. Nb5 bxc3 16. bxc3 exd4 17. cxd4 Nxd4 18. Nfxd4 cxd4 19. Nxc7 Qxc7 20. Qa4 Qc5 21. Re4 Nc3 22. Bxc3 dxc3 23. Rc4 Qe5 24. Rc1 Be6 25. R4xc3 1/2-1/2

[Event "African Games Rapid Open 2019"]
[Site "Casablanca"]
[Date "2019.08.27"]
[Round "9.8"]
[White "Tissir, Mohamed"]
[Black "Chumfwa, Stanley"]
[Result "0-1"]
[ECO "B90"]
[WhiteElo "2379"]
[BlackElo "2317"]
[Annotator "NA"]
[PlyCount "82"]
[EventDate "2019.08.26"]
[EventType "team-tourn"]
[EventCountry "MAR"]
[SourceTitle "playchess.com"]
[Source "ChessBase"]
[SourceQuality "1"]
[TimeControl "900+10"]

1. e4 c5 2. Nc3 d6 3. Nf3 Nf6 4. d4 cxd4 5. Nxd4 a6 6. Bc4 e6 7. Bb3 Nc6 8. Be3 Be7 9. Qe2 Qc7 10. O-O-O Na5 11. g4 b5 12. g5 Nxb3+ 13. axb3 Nd7 14. Kb1 b4 15. Na4 Nc5 16. Bd2 Bd7 17. h4 Nxa4 18. bxa4 Bxa4 19. Bxb4 O-O 20. Rh3 Rab8 21. Qd2 Qb6 22. Bc3 Rfc8 23. f4 Bf8 24. h5 Bd7 25. Rg3 Qb7 26. Re1 d5 27. g6 fxg6 28. Nb3 Rxc3 29. Rxc3 Bb4 30. hxg6 hxg6 31. exd5 Qxd5 32. Qxd5 exd5 33. Rc7 Bxe1 34. Rxd7 Bg3 35. Rxd5 Bxf4 36. Nc5 Rb6 37. Rd8+ Kh7 38. Ra8 g5 39. Nxa6 g4 40. Nc5 g3 41. Nd7 g2 0-1

[Event "African Games Rapid Open 2019"]
[Site "Casablanca"]
[Date "2019.08.27"]
[Round "9.9"]
[White "Arab, Adlane"]
[Black "Khetho, Phemelo"]
[Result "1-0"]
[ECO "E71"]
[WhiteElo "2485"]
[BlackElo "2178"]
[Annotator "ChessBase"]
[PlyCount "59"]
[EventDate "2019.08.26"]
[EventType "team-tourn"]
[EventCountry "MAR"]
[SourceTitle "playchess.com"]
[Source "ChessBase"]
[SourceQuality "1"]
[TimeControl "900+10"]

1. d4 Nf6 2. c4 g6 3. Nc3 Bg7 4. e4 d6 5. h3 c6 6. Bg5 a6 7. Nf3 b5 8. a3 h6 9. Be3 O-O 10. Qd2 Kh7 11. Be2 bxc4 12. Bxc4 d5 13. exd5 cxd5 14. Bd3 Bb7 15. O-O Nbd7 16. Qe2 Ne4 17. Rac1 f5 18. Bf4 Ndf6 19. Ne5 Nxc3 20. Rxc3 Ne4 21. Rc2 e6 22. Rfc1 Bxe5 23. Bxe5 Rf7 24. Rc7 Ng5 25. Rxf7+ Nxf7 26. Rc7 Kg8 27. Rxb7 Qg5 28. Rc7 Qd8 29. b4 Nd6 30. Rg7+ 1-0

[Event "African Games Rapid Open 2019"]
[Site "Casablanca"]
[Date "2019.08.27"]
[Round "9.10"]
[White "Osunfuyi, Abimbola"]
[Black "Mphungu, Gerrard"]
[Result "0-1"]
[ECO "D02"]
[WhiteElo "2235"]
[BlackElo "2107"]
[Annotator "NA"]
[PlyCount "107"]
[EventDate "2019.08.26"]
[EventType "team-tourn"]
[EventCountry "MAR"]
[SourceTitle "playchess.com"]
[Source "ChessBase"]
[SourceQuality "1"]
[TimeControl "900+10"]

1. d4 d5 2. Nf3 Nf6 3. g3 Bf5 4. Bg2 c6 5. c4 e6 6. Qb3 Qb6 7. c5 Qxb3 8. axb3 Nbd7 9. Nc3 a6 10. b4 Rc8 11. Nh4 Be7 12. f3 h6 13. Nxf5 exf5 14. h4 h5 15. Kf2 O-O 16. Bf4 Rfe8 17. e3 Bf8 18. Bf1 g6 19. Bd3 Kh7 20. Bg5 Bh6 21. Ne2 Kg7 22. Nf4 Ra8 23. Ra3 Rac8 24. Nh3 Ra8 25. Rha1 Rac8 26. Bf1 Nh7 27. Bf4 Bxf4 28. gxf4 Nhf6 29. Ng1 Re7 30. Ne2 Ne8 31. Nc1 Nc7 32. Nb3 Nf6 33. Na5 Rb8 34. Bd3 Kf8 35. Nb3 Rbe8 36. Re1 Ne6 37. Re2 Kg7 38. Nd2 Kf8 39. Nf1 Kg8 40. Ng3 Ng7 41. Re1 Ne6 42. Rg1 Kh8 43. Rga1 Nc7 44. Bxf5 Nb5 45. R3a2 Rxe3 46. Ne4 dxe4 47. Kxe3 exf3+ 48. Kd3 gxf5 49. Rf1 Nd5 50. Raa1 Re3+ 51. Kc4 Re4 52. Rxf3 Rxd4+ 53. Kb3 Rxb4+ 54. Kc2 0-1

[Event "African Games Rapid Open 2019"]
[Site "Casablanca"]
[Date "2019.08.27"]
[Round "9.11"]
[White "Elarabi, Abobker Mohamed"]
[Black "Mesfin, Leykun"]
[Result "0-1"]
[ECO "D71"]
[WhiteElo "2326"]
[BlackElo "2151"]
[Annotator "NA"]
[PlyCount "56"]
[EventDate "2019.08.26"]
[EventType "team-tourn"]
[EventCountry "MAR"]
[SourceTitle "playchess.com"]
[Source "ChessBase"]
[SourceQuality "1"]
[TimeControl "900+10"]

1. d4 Nf6 2. c4 g6 3. g3 Bg7 4. Bg2 c5 5. d5 d6 6. Nc3 O-O 7. Nf3 e5 8. dxe6 Bxe6 9. Qd3 Nc6 10. Nd2 Ne5 11. Qc2 Nxc4 12. Nxc4 Bxc4 13. Bxb7 Rb8 14. Bf3 Be6 15. O-O d5 16. Bf4 Rc8 17. Rfd1 d4 18. Nb5 Qb6 19. a4 Nd5 20. Bxd5 Bxd5 21. e4 Ba8 22. Nd6 Rcd8 23. Nc4 Qe6 24. Nd2 Rc8 25. Rac1 c4 26. Nxc4 Rxc4 27. Qxc4 Qxe4 28. Kf1 Re8 0-1

[Event "African Games Rapid Open 2019"]
[Site "Casablanca"]
[Date "2019.08.27"]
[Round "9.12"]
[White "Oatlhotse, Providence"]
[Black "Gole, Habtamu Ashenafi"]
[Result "1-0"]
[ECO "A15"]
[WhiteElo "2252"]
[BlackElo "2046"]
[Annotator "NA"]
[PlyCount "141"]
[EventDate "2019.08.26"]
[EventType "team-tourn"]
[EventCountry "MAR"]
[SourceTitle "playchess.com"]
[Source "ChessBase"]
[SourceQuality "1"]
[TimeControl "900+10"]

1. c4 Nf6 2. g3 e6 3. Bg2 c6 4. Nf3 d5 5. O-O Be7 6. b3 Nbd7 7. Bb2 a5 8. Nc3 O-O 9. d3 Re8 10. Qc2 h6 11. Rad1 Nf8 12. d4 Ng6 13. e4 dxe4 14. Ne5 Nf8 15. Nxe4 Qc7 16. c5 Nd5 17. a3 Nd7 18. Nc4 N7f6 19. Ned6 Rf8 20. Rfe1 Qb8 21. Ne4 Bd7 22. Rc1 Qc7 23. Red1 Rfd8 24. Bc3 Nxc3 25. Qxc3 Nd5 26. Qe1 a4 27. b4 f5 28. Ned6 Bf6 29. Ne5 b5 30. Ndf7 Rf8 31. Nxd7 Qxd7 32. Ne5 Qe8 33. f4 Rc8 34. Qe2 g5 35. Bxd5 exd5 36. Re1 gxf4 37. gxf4 Kh7 38. Kh1 Rc7 39. Rg1 Rg7 40. Rxg7+ Bxg7 41. Rg1 Bf6 42. Qd3 Bxe5 43. Re1 Qg6 44. Rxe5 Qg4 45. Re7+ Kh8 46. Qg3 Qd1+ 47. Re1 Qxd4 48. Qh4 Qf6 49. Qxf6+ Rxf6 50. Kg2 Kg7 51. Re7+ Kf8 52. Re5 Kf7 53. Kf3 h5 54. Kf2 Kg6 55. Re7 h4 56. Kf3 Rf7 57. Re6+ Rf6 58. Re7 Kh6 59. Rd7 Kh5 60. Rh7+ Kg6 61. Rxh4 Re6 62. Rh8 Re1 63. Rc8 Ra1 64. Rxc6+ Kh5 65. Rb6 Rxa3+ 66. Ke2 Kg4 67. Rxb5 Kxf4 68. c6 Ke4 69. c7 Ra2+ 70. Kd1 Kd3 71. Rxd5+ 1-0

[Event "African Games Rapid Open 2019"]
[Site "Casablanca"]
[Date "2019.08.27"]
[Round "9.13"]
[White "Ebosse, Kingue Victor Patric"]
[Black "Mushore, Emarald Takudzwa"]
[Result "0-1"]
[ECO "C77"]
[WhiteElo "2055"]
[BlackElo "2198"]
[Annotator "NA"]
[PlyCount "96"]
[EventDate "2019.08.26"]
[EventType "team-tourn"]
[EventCountry "MAR"]
[SourceTitle "playchess.com"]
[Source "ChessBase"]
[SourceQuality "1"]
[TimeControl "900+10"]

1. e4 e5 2. Nf3 Nc6 3. Bb5 a6 4. Ba4 Nf6 5. d3 d6 6. O-O g6 7. c3 Bg7 8. Ng5 h6 9. Nf3 O-O 10. h3 Bd7 11. Be3 Qe7 12. Re1 Kh7 13. Nbd2 Nd8 14. d4 exd4 15. cxd4 Rc8 16. Bb3 Be6 17. d5 Bd7 18. Bd4 c5 19. Bc3 b5 20. e5 Nh5 21. exd6 Qxd6 22. Ne4 Qb6 23. Bxg7 Kxg7 24. Qd2 Nf6 25. Qf4 Nxe4 26. Rxe4 Qf6 27. Qe3 Nb7 28. Re1 Rfe8 29. Re7 Nd6 30. Qe5 Qxe5 31. R1xe5 Rcd8 32. g4 Kf6 33. Rxe8 Rxe8 34. Rxe8 Bxe8 35. h4 Bd7 36. g5+ hxg5 37. hxg5+ Kf5 38. Bc2+ Kf4 39. Kg2 Bh3+ 40. Kxh3 Kxf3 41. a4 Kxf2 42. axb5 axb5 43. Kg4 Ke3 44. Bd1 Nc4 45. Bb3 Nd6 46. Ba2 c4 47. b4 Ke4 48. Bb1+ Kxd5 0-1

[Event "African Games Rapid Open 2019"]
[Site "Casablanca"]
[Date "2019.08.27"]
[Round "9.14"]
[White "Traore, Bakary"]
[Black "Kouya, Tyeoulou Bernardin F"]
[Result "1-0"]
[ECO "B98"]
[WhiteElo "2189"]
[BlackElo "1770"]
[Annotator "NA"]
[PlyCount "85"]
[EventDate "2019.08.26"]
[EventType "team-tourn"]
[EventCountry "MAR"]
[SourceTitle "playchess.com"]
[Source "ChessBase"]
[SourceQuality "1"]
[TimeControl "900+10"]

1. e4 c5 2. Nf3 d6 3. d4 cxd4 4. Nxd4 Nf6 5. Nc3 a6 6. Bg5 e6 7. f4 Be7 8. Qf3 Qc7 9. O-O-O b5 10. g4 Bb7 11. a3 Nc6 12. Bxf6 gxf6 13. f5 Nxd4 14. Rxd4 Rc8 15. Be2 Qc5 16. Rhd1 d5 17. fxe6 fxe6 18. exd5 Bxd5 19. Qd3 Bc4 20. Qd2 Bxe2 21. Qxe2 Kf7 22. Ne4 Qe5 23. Rd7 Rhd8 24. Nd6+ Kf8 25. Qxe5 fxe5 26. Nxc8 Rxc8 27. Ra7 Kf7 28. Rf1+ Ke8 29. Rxa6 Bg5+ 30. Kb1 Ke7 31. Ra7+ Kd6 32. Rd1+ Kc5 33. Rxh7 e4 34. h4 Bf6 35. Rh6 Rf8 36. g5 Bd4 37. Rxe6 e3 38. Re1 Kd5 39. R6xe3 Bxe3 40. Rxe3 Rf4 41. Rg3 Ke6 42. h5 Rh4 43. g6 1-0

[Event "African Games Rapid Open 2019"]
[Site "Casablanca"]
[Date "2019.08.27"]
[Round "9.15"]
[White "Gohil, Mehul"]
[Black "Hassan, Sidi Mohamed cheikh"]
[Result "1-0"]
[ECO "A40"]
[WhiteElo "2076"]
[BlackElo "1752"]
[Annotator "NA"]
[PlyCount "53"]
[EventDate "2019.08.26"]
[EventType "team-tourn"]
[EventCountry "MAR"]
[SourceTitle "playchess.com"]
[Source "ChessBase"]
[SourceQuality "1"]
[TimeControl "900+10"]

1. d4 e6 2. c4 f5 3. Nf3 Nf6 4. e3 b6 5. Nc3 Bb4 6. Bd3 Bb7 7. O-O O-O 8. Qc2 d6 9. a3 Bxc3 10. Qxc3 Nbd7 11. b4 Ne4 12. Qc2 Rf6 13. Bb2 Rg6 14. Ne1 Qh4 15. f3 Ng5 16. d5 Rh6 17. g3 Nh3+ 18. Kh1 Qh5 19. dxe6 Rxe6 20. Bxf5 Rxe3 21. Bxd7 Rxf3 22. Nxf3 Bxf3+ 23. Rxf3 Qxf3+ 24. Qg2 Nf2+ 25. Kg1 Rf8 26. Qxf3 Rxf3 27. Rf1 1-0

[Event "African Games Rapid Open 2019"]
[Site "Casablanca"]
[Date "2019.08.27"]
[Round "9.16"]
[White "Beukes, Dante M"]
[Black "Rita, Jeorciley"]
[Result "1-0"]
[ECO "C42"]
[WhiteElo "2130"]
[BlackElo "1920"]
[Annotator "NA"]
[PlyCount "86"]
[EventDate "2019.08.26"]
[EventType "team-tourn"]
[EventCountry "MAR"]
[SourceTitle "playchess.com"]
[Source "ChessBase"]
[SourceQuality "1"]
[TimeControl "900+10"]

1. e4 e5 2. Nf3 Nf6 3. Nxe5 d6 4. Nf3 Nxe4 5. d4 d5 6. Bd3 Bf5 7. O-O Bd6 8. Re1 O-O 9. Nbd2 Re8 10. c3 c6 11. Qc2 Nxd2 12. Rxe8+ Qxe8 13. Bxd2 Bxd3 14. Qxd3 f6 15. Re1 Qf7 16. Nh4 g6 17. Qe2 Na6 18. Qe6 Rd8 19. Nf3 Nc7 20. Qxf7+ Kxf7 21. Re2 Re8 22. Kf1 Rxe2 23. Kxe2 Ne6 24. g3 g5 25. Ne1 Kg6 26. Kf3 Nf8 27. Nd3 Nd7 28. b3 h6 29. c4 dxc4 30. bxc4 c5 31. Ke4 cxd4 32. Kxd4 Be5+ 33. Ke4 Nb6 34. Nxe5+ fxe5 35. c5 Nd7 36. Kd5 e4 37. Kd6 Nf8 38. Be3 Kf5 39. Kc7 Ne6+ 40. Kxb7 a5 41. h3 h5 42. c6 g4 43. hxg4+ hxg4 1-0

[Event "African Games Rapid Open 2019"]
[Site "Casablanca"]
[Date "2019.08.27"]
[Round "9.17"]
[White "Eichab, Charles"]
[Black "Amba, Oyon Marius Claude"]
[Result "1-0"]
[ECO "A01"]
[WhiteElo "2016"]
[BlackElo "1911"]
[Annotator "NA"]
[PlyCount "97"]
[EventDate "2019.08.26"]
[EventType "team-tourn"]
[EventCountry "MAR"]
[SourceTitle "playchess.com"]
[Source "ChessBase"]
[SourceQuality "1"]
[TimeControl "900+10"]

1. b3 d5 2. e3 c5 3. Bb2 Nc6 4. Bb5 Nf6 5. f4 e6 6. Nf3 Be7 7. Bxc6+ bxc6 8. Ne5 Qb6 9. O-O a5 10. Nc3 Ba6 11. d3 Bb5 12. a4 Ba6 13. Qf3 Rc8 14. Ba3 d4 15. Ne4 Nxe4 16. Qxe4 Qc7 17. exd4 cxd4 18. Bxe7 Kxe7 19. Qxd4 c5 20. Qc3 Bb7 21. Rae1 Rhe8 22. f5 f6 23. fxe6 Rf8 24. Nd7 Qc6 25. Rf2 h5 26. Nxf8 Rxf8 27. Re4 Qc7 28. Rc4 Rc8 29. d4 Qd6 30. Rxc5 Qxe6 31. Rc7+ Kd8 32. Rxc8+ Bxc8 33. Qxa5+ Ke7 34. Qc5+ Kd8 35. d5 Qe1+ 36. Rf1 Qd2 37. Qf8+ Kc7 38. Qxg7+ Bd7 39. Qxf6 Qxd5 40. Qf4+ Kd8 41. Qb8+ Bc8 42. h3 Qc5+ 43. Kh1 Ke7 44. Re1+ Kf6 45. Qf4+ Kg6 46. Re5 Qa3 47. Rg5+ Kh6 48. Qf6+ Kh7 49. Qg7# 1-0

[Event "African Games Rapid Open 2019"]
[Site "Casablanca"]
[Date "2019.08.27"]
[Round "9.18"]
[White "Marie, Patrick"]
[Black "Sang, Ricky"]
[Result "0-1"]
[ECO "B84"]
[WhiteElo "1921"]
[BlackElo "1971"]
[Annotator "NA"]
[PlyCount "76"]
[EventDate "2019.08.26"]
[EventType "team-tourn"]
[EventCountry "MAR"]
[SourceTitle "playchess.com"]
[Source "ChessBase"]
[SourceQuality "1"]
[TimeControl "900+10"]

1. e4 c5 2. Nf3 d6 3. d4 cxd4 4. Nxd4 Nf6 5. Nc3 a6 6. Be2 e6 7. O-O Be7 8. Be3 O-O 9. f4 Nbd7 10. Bf3 Qc7 11. Qe2 Rb8 12. Rad1 b5 13. a3 Bb7 14. Nb3 Nb6 15. Kh1 Nc4 16. Bc1 Rfc8 17. Nd4 Nxa3 18. bxa3 Qxc3 19. Rd3 Qc7 20. e5 Bxf3 21. Rdxf3 Nd7 22. f5 Nxe5 23. Rh3 Qc4 24. fxe6 Qxe2 25. exf7+ Nxf7 26. Nxe2 Rxc2 27. Nd4 Rc4 28. Nf5 Bf6 29. Ne3 Rc5 30. Rhf3 Ng5 31. Rg3 Ne4 32. Rg4 Nf2+ 33. Rxf2 Rxc1+ 34. Nf1 Be5 35. g3 Rf8 36. Kg2 Rxf2+ 37. Kxf2 Ra1 38. Ke3 Rxf1 0-1

[Event "African Games Rapid Open 2019"]
[Site "Casablanca"]
[Date "2019.08.27"]
[Round "9.20"]
[White "Naipal, Hoolan"]
[Black "Asante Debesai Zerabruk"]
[Result "0-1"]
[ECO "B07"]
[WhiteElo "1785"]
[BlackElo "1712"]
[Annotator "NA"]
[PlyCount "46"]
[EventDate "2019.08.26"]
[EventType "team-tourn"]
[EventCountry "MAR"]
[SourceTitle "playchess.com"]
[Source "ChessBase"]
[SourceQuality "1"]
[TimeControl "900+10"]

1. e4 d6 2. d4 Nf6 3. Nc3 Nbd7 4. Nf3 e5 5. Bc4 c6 6. a4 Be7 7. O-O Qc7 8. Qe2 h6 9. Rd1 Nf8 10. h3 g5 11. Be3 Ng6 12. Nh2 Nf4 13. Bxf4 gxf4 14. Kh1 Bd7 15. a5 Rg8 16. dxe5 dxe5 17. Qf3 Rg7 18. Bf1 O-O-O 19. a6 b6 20. Rab1 Rdg8 21. b4 Nh7 22. Bc4 b5 23. Bf1 Ng5 0-1